Map: Abyssal Reef LE

Players

ОтважныйБрат - Winner!

  • Race: Protoss Protoss
  • League: Diamond
  • Spawn Location: 5:00

Musumeci

  • Race: Zerg Zerg
  • League: Diamond
  • Spawn Location: 11:00

VOD

Have the link to the VOD?

Description

Time

  • Played on: Feb. 15, 2017, 9:03 a.m.
  • Length: 9:40
Show
View Real Time Build Order
Export as new Build Order

ОтважныйБрат Protoss - Winner!

Build Orders:  

Get SALT Encoding   

  12  0:01  Probe (Chrono Boost)  
  13  0:11  Probe (Chrono Boost)  
  14  0:22  Pylon  
  14  0:24  Probe (Chrono Boost)  
  15  0:40  Probe (Chrono Boost)  
  15  0:41  Gateway  
  16  0:49  Assimilator  
  16  0:58  Pylon  
  16  0:59  Probe (Chrono Boost)  
  17  1:10  Probe (Chrono Boost)  
  18  1:20  Probe (Chrono Boost)  
  19  1:26  Zealot  
  19  1:28  Cybernetics Core  
  22  1:32  Probe (Chrono Boost)  
  22  1:45  Probe (Chrono Boost)  
  23  1:52  Zealot  
  25  1:56  Probe (Chrono Boost)  
  26  2:07  Probe (Chrono Boost)  
  27  2:10  Warp Gate  
  27  2:16  Zealot  
  27  2:18  Probe (Chrono Boost)  
  29  2:30  Probe (Chrono Boost)  
  29  2:42  Probe (Chrono Boost)  
  30  2:46  Adept  
  31  3:01  Pylon x2  
  30  3:08  Mothership Core (Chrono Boost)  
  30  3:09  Pylon  
  30  3:13  Pylon  
  30  3:15  Pylon  
  30  3:20  Adept, Pylon  
  32  3:33  Probe (Chrono Boost)  
  33  3:36  Assimilator  
  33  3:37  Pylon  
  35  3:50  Probe (Chrono Boost)  
  36  4:01  Pylon  
  36  4:03  Pylon  
  36  4:07  Probe (Chrono Boost)  
  35  4:16  Gateway, Sentry  
  37  4:18  Gateway  
  37  4:21  Gateway  
  37  4:23  Probe (Chrono Boost)  
  38  4:28  Pylon  
  38  4:34  Probe (Chrono Boost)  
  39  4:40  Sentry  
  42  4:51  Nexus  
  41  4:54  Probe (Chrono Boost)  
  42  5:05  Probe (Chrono Boost)  
  43  5:07  Sentry  
  45  5:15  Assimilator x2, Probe (Chrono Boost)  
  45  5:16  Sentry  
  45  5:18  Sentry  
  50  5:26  Probe (Chrono Boost)  
  51  5:28  Adept  
  51  5:32  Adept  
  55  5:36  Probe (Chrono Boost)  
  56  5:47  Probe (Chrono Boost)  
  56  5:48  Adept x2  
  61  5:57  Probe (Chrono Boost)  
  61  5:59  Pylon  
  63  6:04  Probe (Chrono Boost)  
  63  6:08  Probe (Chrono Boost)  
  64  6:14  Probe (Chrono Boost)  
  65  6:18  Probe (Chrono Boost)  
  65  6:25  Probe (Chrono Boost)  
  67  6:29  Probe (Chrono Boost)  
  68  6:35  Probe (Chrono Boost)  
  69  6:40  Probe (Chrono Boost)  
  69  6:41  Adept x4  
  78  6:51  Probe x2 (Chrono Boost)  
  80  7:01  Probe (Chrono Boost)  
  80  7:02  Robotics Facility, Probe (Chrono Boost)  
  80  7:05  Gateway  
  80  7:06  Sentry x3  
  80  7:07  Gateway, Sentry  
  90  7:12  Pylon, Probe x2 (Chrono Boost)  
  92  7:18  Pylon  
  92  7:19  Pylon  
  93  7:22  Probe (Chrono Boost)  
  93  7:23  Probe (Chrono Boost)  
  94  7:31  Sentry x3, Pylon  
  94  7:32  Pylon  
  94  7:33  Probe (Chrono Boost)  
  94  7:37  Pylon  
  101  7:39  Adept, Probe (Chrono Boost)  
  104  7:44  Immortal  
  104  7:45  Probe (Chrono Boost)  
  109  7:58  Adept x3  
  113  8:03  Probe (Chrono Boost)  
  116  8:08  Probe (Chrono Boost)  
  117  8:21  Observer  
  114  8:46  Observer  
  115  9:02  Adept x5  
  128  9:25  Stalker x3, Probe (Chrono Boost)  
  128  9:26  Stalker x3  
Show
View Real Time Build Order
Export as new Build Order

Musumeci Zerg 

Build Orders: Pool First 

Get SALT Encoding   

  12  0:00  Drone  
  13  0:08  Drone  
  14  0:14  Extractor  
  14  0:15  Drone  
  15  0:33  Spawning Pool  
  14  0:49  Drone, Extractor  
  14  0:50  Drone, Extractor  
  14  0:52  Overlord  
  16  1:18  Hatchery  
  16  1:19  Zergling x2  
  16  1:24  Zergling x2  
  17  1:27  Zergling x2  
  18  1:41  Zergling x2  
  18  2:03  Zergling x4  
  18  2:31  Zergling x2  
  18  2:36  Zergling x6  
  20  3:05  Zergling x4  
  19  3:33  Drone  
  19  3:34  Drone x2  
  22  3:47  Overlord  
  21  3:53  Hatchery  
  21  3:54  Queen, Extractor  
  21  4:30  Hatchery  
  20  4:37  Drone x3  
  23  4:48  Zergling x2  
  24  4:55  Evolution Chamber  
  23  5:03  Extractor, Roach Warren  
  23  5:04  Queen  
  23  5:05  Drone x4  
  27  5:13  Overlord  
  27  5:24  Metabolic Boost  
  27  5:30  Queen  
  27  5:34  Baneling Nest  
  29  5:40  Zergling x8  
  29  5:41  Zergling x8  
  33  5:57  Zergling x10  
  37  6:17  Baneling x3  
  35  6:19  Baneling x4  
  33  6:31  Zergling x2  
  25  6:53  Drone x8  
  31  7:02  Drone  
  32  7:08  Drone  
  32  7:17  Drone x2  
  34  7:32  Overlord  
  34  7:40  Overlord  
  34  7:50  Overlord  
  34  7:51  Drone  
  34  7:52  Drone  
  34  7:53  Drone  
  37  7:58  Zergling x2  
  37  7:59  Zergling x10  
  41  8:15  Zergling x14  
  37  8:39  Baneling  
  37  8:40  Baneling x4  
  32  8:42  Baneling  
  32  8:43  Baneling  
  32  8:48  Zergling x2  
  32  8:49  Zergling x4  
  32  8:50  Zergling x6  
  36  8:57  Zergling x6  
  36  9:20  Baneling x3  
  36  9:23  Extractor  
  36  9:24  Extractor  
  41  9:31  Baneling Nest  
  41  9:32  Spawning Pool  
Tags
 
Matchup
PvZ
Opening
Pool First
Replay Pack
replay pack
Spawn Locations
Cross Positions
Add a new tag
Caveats
  • Supply blocks, unpowered buildings, or Contaminate may cause inaccurate times.
  • Supply counts are checked every 10 seconds.